 Dungeon Crawl Stone Soup version 0.17-a0-1738-g82cdc46 (webtiles) character file.

27 kae the Firebug (level 3, -2/19 HPs)
             Began as a Tengu Fire Elementalist on Aug 30, 2015.
             Slain by a kobold (4 damage)
             ... on level 2 of the Dungeon.
             The game lasted 00:00:54 (767 turns).

kae the Firebug (Tengu Fire Elementalist)            Turns: 767, Time: 00:00:54

Health: -2/19      AC:  2    Str:  8    XL:     3   Next: 10%
Magic:  6/7        EV: 12    Int: 15    God:
Gold:   55         SH:  0    Dex: 15    Spells: 1 memorised, 5 levels left

rFire  . . .     SeeInvis .     q - +0 mace
rCold  . . .     Clarity  .     a - +0 robe
rNeg   . . .     SustAt   .     (no shield)
rPois  .         Gourm    .     (helmet restricted)
rElec  .         Spirit   .     (no cloak)
rCorr  .         Warding  .     (no gloves)
rMut   .         Stasis   .     (boots unavailable)
MR     .....                    (no amulet)
Stlth  ++........               (no ring)
                                (no ring)

@: not resistant to hostile enchantments, unstealthy
A: beak, talons 3
a: no special abilities


You were on level 2 of the Dungeon.
You were not hungry.

You visited 1 branch of the dungeon, and saw 2 of its levels.

You collected 55 gold pieces.

Inventory:

Hand weapons
 q - a +0 mace (weapon)
Armour
 a - a +0 robe (worn)
Jewellery
 n - a cursed ring of loudness {unknown}
Scrolls
 d - a scroll of immolation {unknown}
 g - 3 scrolls of identify {unknown}
 i - a scroll of recharging {unknown}
 k - 2 scrolls of teleportation {unknown}
 p - a scroll of enchant armour {unknown}
Potions
 e - a potion of invisibility {unknown}
 f - 2 potions of heal wounds {unknown}
 h - 2 potions of curing {unknown}
 j - a potion of magic {unknown}
 l - 2 potions of brilliance {unknown}
 m - a potion of lignification {unknown}
 o - a potion of haste {unknown}
 r - a potion of cancellation {unknown}
Books
 b - a book of Flames

   Spells                             Type                      Level
   a - Flame Tongue                   Conjuration/Fire             1
   b - Throw Flame                    Conjuration/Fire             2
   c - Conjure Flame                  Conjuration/Fire             3
   d - Inner Flame                    Hexes/Fire                   3
   e - Sticky Flame                   Conjuration/Fire             4
   f - Fireball                       Conjuration/Fire             5
Comestibles
 c - 2 bread rations


   Skills:
 - Level 2.1 Dodging
 - Level 2.0 Stealth
 - Level 2.0 Spellcasting
 - Level 1.3 Conjurations
 + Level 4.5 Fire Magic


You had 5 spell levels left.
You knew the following spells:

 Your Spells              Type           Power        Failure   Level  Hunger
a - Flame Tongue          Conj/Fire      ##...        10%         1    #......


Dungeon Overview and Level Annotations

Branches:
Dungeon (2/15)

Altars:


Innate Abilities, Weirdness & Mutations

You have a beak for a mouth.
You have claws for feet.


Message History

You are too injured to fight recklessly!
You are too injured to fight recklessly!
You are too injured to fight recklessly!
You are too injured to fight recklessly!
You are too injured to fight recklessly!
You are too injured to fight recklessly!
You are too injured to fight recklessly!
You are too injured to fight recklessly!
Unknown command.
You are too injured to fight recklessly!
You are too injured to fight recklessly!
Casting: Flame Tongue
Confirm with . or Enter, or press ? or * to list all spells.
Aiming: Flame Tongue
Press: ? - help, Shift-Dir - straight line, f - kobold
Aim: a kobold, wielding a short sword The flame tongue hits the kobold.
You kill the kobold!
The kobold hits you.
You die...

#.....#
#.....##.......[.
######.....##.........
.....#.....##.........
.........<.# .........
....#.....# .........
.[..#.....###.#......
......†........†...>...
#.............b@).....#
#.........#####K#####.#
#.........# #†.......
#########.# #..#....#
... .... .... #.##
#..#. #.. ...#.# . ....
. ###. .#


You could see a bat and a kobold.

Vanquished Creatures
  An ooze (D:1)
  A ball python (D:1)
  4 giant cockroaches
  2 hobgoblins (D:1)
  2 kobolds
  A quokka (D:2)
  3 bats
  2 giant newts (D:1)
  4 goblins
  3 rats (D:1)
23 creatures vanquished.

Notes
Turn   | Place    | Note
--------------------------------------------------------------
     0 | D:1      | kae the Tengu Fire Elementalist began the quest for the Orb.
     0 | D:1      | Reached XP level 1. HP: 10/10 MP: 4/4
   201 | D:1      | Reached skill level 4 in Fire Magic
   201 | D:1      | Reached XP level 2. HP: 15/15 MP: 1/6
   755 | D:2      | Reached XP level 3. HP: 16/19 MP: 7/7
   767 | D:2      | Slain by a kobold

Vault maps used:
D:1:      minmay_arrival_open_corners
D:2:      nemelex_deck, okawaru_ov_weapons_minmay, first_bread

Action                   || total
-------------------------++-------
Melee: Unarmed           ||    29
       Mace              ||    14
 Cast: Flame Tongue      ||    18
 Stab: Sleeping          ||     2
